AoeStats
← Skall

Arabia

509978258Analyzed
1v1 RM · 3d ago on Sep 28, 2026· 56m 50s· 2 players
Game mode
Random Map
Map size
Tiny (2 player)
Population
200
Speed
Normal
Resources
Standard
Victory
Conquest
Starting age
Dark Age
Ending age
Imperial Age
RankedLock teamsTeams togetherTeam positionsShared explorationLock speedFull tech treeHidden civsTurbo modeCheats
Victory
Defeat
🇸🇻 Turks · El Salvador
1086
+16
🇦🇷 Ethiopians · Argentina
1088
-16
Narayan94
7:34 Loom
10:53 Feudal Age
16:49 Castle Age
14:40 Double-Bit Axe
19:05 Bow Saw
23:05 Fletching
24:43 Bloodlines
31:25 Scale Barding Armor
34:49 Imperial Age
34:13 Chain Barding Armor
34:04 Forging
35:34 Horse Collar
37:41 Bodkin Arrow
38:23 Plate Barding Armor
39:28 Iron Casting
38:54 Bracer
42:27 Blast Furnace
41:50 Artillery
Skall
7:05 Loom
10:19 Feudal Age
10:51 Double-Bit Axe
12:07 Horse Collar
17:14 Wheelbarrow
17:06 Fletching
19:05 Gold Mining
22:25 Castle Age
22:26 Padded Archer Armor
23:15 Bow Saw
23:04 Bodkin Arrow
22:33 Crossbowman
23:27 Thumb Ring
25:41 Gold Shaft Mining
25:24 Heavy Plow
26:28 Hand Cart
36:29 Imperial Age
34:46 Forging
34:37 Scale Mail Armor
36:28 Iron Casting
36:31 Squires
36:18 Arson
38:13 Chemistry
37:35 Ballistics
36:54 Halberdier
37:48 Arbalester
39:57 Bracer
40:12 Leather Archer Armor
40:09 Masonry
40:26 Man-at-Arms
41:36 Capped Ram
42:59 Siege Engineers
45:09 Architecture
45:35 Siege Ram
48:02 Royal Heirs
49:49 Chain Mail Armor
50:35 Blast Furnace
53:02 Plate Mail Armor
Connection lost

Rejoining the realm…

Still unreachable

The connection could not be restored.

Session expired

The server has moved on; the page needs a fresh start.